 Dungeon Crawl Stone Soup version 0.23-a0-310-gdcc7a32 (webtiles) character file.

49 galech the Covered (level 3, 0/29 HPs)
             Began as a Demonspawn Fighter on Oct 12, 2018.
             Slain by Natasha (6 damage)
             ... on level 2 of the Dungeon.
             The game lasted 00:01:08 (1206 turns).

galech the Covered (Demonspawn Fighter)             Turns: 1206, Time: 00:01:09

Health: 0/29       AC:  6    Str: 16    XL:     3   Next: 51%
Magic:  3/3        EV:  7    Int:  9    God:
Gold:   47         SH:  8    Dex: 13    Spells: 2/2 levels left

rFire    . . .     SeeInvis .   a - +0 war axe
rCold    . . .     Gourm    .   c - +0 shield
rNeg     . . .     Faith    .   b - +0 scale mail
rPois    .         Spirit   .   (helmet restricted)
rElec    .         Reflect  .   (no cloak)
rCorr    .         Harm     .   (no gloves)
MR       .....                  (no boots)
Stlth    ..........             (no amulet)
HPRegen  0.09/turn              (no ring)
MPRegen  0.08/turn              (no ring)

@: slowed, very slow
A: antennae 1
a: no special abilities


You were on level 2 of the Dungeon.
You were not hungry.

You visited 1 branch of the dungeon, and saw 2 of its levels.

You collected 47 gold pieces.

Inventory:

Hand Weapons
 a - a +0 war axe (weapon)
Armour
 b - a +0 scale mail (worn)
 c - a +0 shield (worn)
Scrolls
 e - 2 scrolls of remove curse {unknown}
 h - a scroll of teleportation {unknown}
 i - 3 scrolls of identify {unknown}
 j - a scroll of amnesia {unknown}
Potions
 d - a potion of might
Comestibles
 f - 3 rations


   Skills:
 + Level 3.1 Fighting
 + Level 2.6 Axes
 + Level 3.2 Armour
 + Level 0.2 Dodging
 + Level 2.9 Shields


You had 2 spell levels left.
You didn't know any spells.
Your spell library was empty.

Dungeon Overview and Level Annotations

Branches:
Dungeon (2/15)

Altars:
Uskayaw

Annotations:
D:2 Natasha


Innate Abilities, Weirdness & Mutations

You have a pair of small antennae on your head.


Message History

* * * LOW HITPOINT WARNING * * *
You closely miss Natasha.
Natasha is heavily wounded.
Natasha casts a spell at you.
You feel yourself slow down. Natasha claws you but does no damage.
You closely miss Natasha.
Natasha is heavily wounded.
Natasha casts a spell.
Natasha claws you but does no damage.
You barely miss Natasha.
Natasha is heavily wounded.
Natasha claws you.
* * * LOW HITPOINT WARNING * * *
Natasha stares at you and mumbles some strange words.
You resist with significant effort.
The shadow imp hits you but does no damage.
You closely miss Natasha.
Natasha is heavily wounded.
You closely miss the shadow imp. Natasha claws you.
You die...

######### #.......#
#.#####.# #.......#####
#..###..#...###### #..#
#....#......#
#..###..#....###.#
#.......##....##5######
#.##.##.##.....@h......
#.......##....##.######
####.######..## .# #.#
#..# .# #####.##
#..###.# ...#...#
#..>...# .#...#.#
##...#### ...#...#
##.....##
#.#.######.......##


You could see Natasha and a shadow imp.

Vanquished Creatures
  2 adders (D:2)
  A worm (D:2)
  A dart slug (D:1)
  A giant cockroach (D:2)
  5 hobgoblins
  3 jackals (D:2)
  2 kobolds
  A ball python (D:1)
  2 bats
  2 frilled lizards (D:1)
  5 goblins
  2 rats (D:2)
27 creatures vanquished.

Notes
Turn   | Place    | Note
-------+----------+-------------------------------------------
     0 | D:1      | galech the Demonspawn Fighter began the quest for the Orb.
     0 | D:1      | Reached XP level 1. HP: 18/18 MP: 1/1
   157 | D:1      | Gained mutation: You have a pair of small antennae on your
                  | head. [demonic ancestry]
   157 | D:1      | Reached XP level 2. HP: 21/24 MP: 2/2
   920 | D:2      | Noticed a hand axe
   921 | D:2      | Noticed a hand axe
   924 | D:2      | Found a hide-covered altar of Uskayaw.
   930 | D:2      | Reached XP level 3. HP: 29/29 MP: 3/3
  1193 | D:2      | Noticed Natasha
  1206 | D:2      | Slain by Natasha

Vault maps used:
D:1:      scummos_arrival_gate, hangedman_decor_riveting
D:2:      dancing_weapons_uskayaw, uniq_natasha

Skill      XL: |  1  2 |
---------------+-------+-----
Armour         | 3 |  3.2
Axes           | 2 |  2.6
Fighting       | |  3.1
Dodging        | |  0.2
Shields        | |  2.9

Action                   || total
-------------------------++-------
Melee: War axe           ||    87
  Eat: Chunk             ||     1
Armor: Scale mail        ||    39
Dodge: Dodged            ||    31
Block: Shield            ||    36

Table legend:
 A = Non-vault XP
 B = Vault XP
 C = Vault XP percentage of total XP
 D = Non-vault monster count
 E = Vault monster count
 F = Vault count percentage of total count
                 A         B        C        D         E       F
            +---------+---------+-------+---------+---------+-------
      Total |      70 |       0 |   0.0 |      27 |       0 |   0.0
            +---------+---------+-------+---------+---------+-------
        D:1 |      19 |       0 |   0.0 |      12 |       0 |   0.0
        D:2 |      51 |       0 |   0.0 |      15 |       0 |   0.0
            +---------+---------+-------+---------+---------+-------
